 Dungeon Sprint DCSS version 0.27-a0-1139-g28e009f8a6 (webtiles) character file.

Game seed: 9934076674006832668

608 Zeld the Blocker (level 7, -3/57 HPs)
             Began as an Octopode Fighter on May 7, 2021.
             Was a Follower of Makhleb.
             Slain by Sonja
             ... wielding a +0 short sword of venom
              (5 damage)
             ... in the Dungeon (Sprint I: "Red Sonja").
             The game lasted 00:01:25 (1386 turns).

Zeld the Blocker (Octopode Fighter)                 Turns: 1386, Time: 00:01:26

Health: -3/57      AC:  1    Str: 17    XL:     7   Next: 43%
Magic:  7/7        EV: 12    Int: 11    God:    Makhleb [*.....]
Gold:   306        SH: 11    Dex: 11    Spells: 6/6 levels left

rFire    . . .     SeeInvis .   a - +0 war axe
rCold    . . .     Faith    .   b - +0 kite shield
rNeg     . . .     Spirit   .   (helmet restricted)
rPois    .         Reflect  .   (no amulet)
rElec    .         Harm     .   (no ring)
rCorr    .         Rampage  .   (no ring)
Will     .....     NoTele   +   (no ring)
Stlth    ++........             (no ring)
HPRegen  0.19/turn              (no ring)
MPRegen  0.10/turn              (no ring)
                                (no ring)
                                (no ring)

@: lethally poisoned (-3 -> -10), slowed, very slow
A: almost no armour, amphibious, 8 rings, camouflage 1, gelatinous body 1,
(nimble swimmer 1), tentacles
a: Renounce Religion


You were in the Dungeon.
You worshipped Makhleb.
Makhleb was aware of your devotion.
You visited 1 branch You collected 306 gold pieces.

Inventory:

Hand Weapons
 a - a +0 war axe (weapon)
Armour
 b - a +0 kite shield (worn)
Scrolls
 c - a scroll of enchant weapon {unknown}
Potions
 f - a potion of haste
 g - 2 potions of magic
 h - a potion of resistance {unknown}


   Skills:
 * Level 9.5 Fighting
 * Level 9.3 Axes
 - Level 3.0 Dodging
 * Level 9.5 Shields


You had 6 spell levels left.
You didn't know any spells.
Your spell library was empty.

Dungeon Overview and Level Annotations

Branches:
Dungeon (1/1)

Altars:
Cheibriados
Dithmenos
Elyvilon
Fedhas
Gozag
Hepliaklqana
Kikubaaqudgha
Makhleb
Nemelex Xobeh
Okawaru
Qazlal
Ru
Sif Muna
Trog
Uskayaw
Vehumet
Wu Jian
Xom
Yredelemnul
Zin
The Shining One
Jiyva
Lugonu

Shops:
D (

Annotations:
D Sonja


Innate Abilities, Weirdness & Mutations

You cannot wear most types of armour.
You are amphibious.
You can wear up to eight rings at the same time.
Your skin changes colour to match your surroundings (Stealth+).
Your rubbery body absorbs attacks. (AC +1, EV +1)
((You are camouflaged near water. (Stealth+)))
You have tentacles for arms and can constrict up to eight enemies at once.


Message History

Sonja casts a spell.
Sonja blinks!
Sonja misses you. You block Sonja's attack. x2
There is an open door, spattered with blood here.
You hit Sonja. Your grab misses Sonja.
Sonja is lightly wounded.
Sonja hits you with a +0 short sword of venom!
You are poisoned.
You block Sonja's attack. Sonja closely misses you.
You block Sonja's attack. x2
Sonja hits you with a +0 short sword of venom.
You are lethally poisoned!
You miss Sonja. Your grab misses Sonja.
Sonja is lightly wounded.
You feel extremely sick.
Sonja gestures wildly while chanting.
Sonja blinks!
Unknown command.
You feel much better.
You feel very sick.
Sonja throws a curare-tipped dart.
You block the curare-tipped dart.
Sonja throws a curare-tipped dart.
The curare-tipped dart hits you.
You are more poisoned.
You have difficulty breathing.
You feel yourself slow down.
Okay, then.
You feel extremely sick.
There is an open door here.
* * * LOW HITPOINT WARNING * * *
You feel extremely sick.
You close the door.
* * * LOW HITPOINT WARNING * * *
You feel very sick.
Something unseen opens the door.
There is a lethal amount of poison in your body!
You hit Sonja. Your grab misses Sonja.
Sonja is lightly wounded.
* * * LOW HITPOINT WARNING * * *
You feel very sick. Sonja closely misses you.
Sonja hits you with a +0 short sword of venom.
You die...

###################
#<.#.))..#.)'..#__#
#..'..#..'..#..'..+
#..#####'#####'#__#
#..####..#...#.####
#..#__####@.##.#
#..#_____##K#_.+
#⌠⌠#_.∩K.†'..._#
####_..__##_.#'#
#_____###'#.#
####### #.### $.$
$.$# ##.##


You could see Sonja.

Vanquished Creatures
  A slime creature (D)
  Sigmund (D)
  A yak (D)
  An ogre (D)
  A jelly (D)
  Ijyb (D)
6 creatures vanquished.

Vanquished Creatures (others)
  A gargoyle (D)
1 creature vanquished.

Grand Total: 7 creatures vanquished

Notes
Turn   | Place    | Note
-------+----------+-------------------------------------------
     0 | D        | Zeld the Octopode Fighter began the quest for the Orb.
     0 | D        | Reached XP level 1. HP: 16/16 MP: 1/1
     3 | D        | Noticed Ijyb
     9 | D        | Killed Ijyb
    10 | D        | Reached XP level 2. HP: 4/23 MP: 2/2
    10 | D        | Reached XP level 3. HP: 4/27 MP: 3/3
    95 | D        | Killed a gargoyle
   364 | D        | Noticed an ogre
   368 | D        | Killed an ogre
   369 | D        | Reached skill level 5 in Axes
   369 | D        | Reached XP level 4. HP: 36/36 MP: 4/4
   549 | D        | Noticed Sigmund
   556 | D        | Killed Sigmund
   557 | D        | Reached XP level 5. HP: 10/44 MP: 5/5
   557 | D        | Reached XP level 6. HP: 12/50 MP: 6/6
   778 | D        | Found a burning altar of Makhleb.
   778 | D        | Found a viscous altar of Jiyva.
   778 | D        | Found a shimmering altar of Xom.
   778 | D        | Found a corrupted altar of Lugonu.
   778 | D        | Noticed a slime creature
   781 | D        | Became a worshipper of Makhleb the Destroyer
   959 | D        | Killed a slime creature
   960 | D        | Reached XP level 7. HP: 22/57 MP: 7/7
  1166 | D        | Found an ornate altar of the Wu Jian Council.
  1166 | D        | Found a shimmering blue altar of Sif Muna.
  1169 | D        | Found a radiant altar of Vehumet.
  1206 | D        | Found Fekla's Weapon Emporium.
  1206 | D        | Found an ancient bone altar of Kikubaaqudgha.
  1206 | D        | Found a hazy altar of Hepliaklqana.
  1206 | D        | Found a stormy altar of Qazlal.
  1206 | D        | Found a hide-covered altar of Uskayaw.
  1206 | D        | Found a blossoming altar of Fedhas.
  1206 | D        | Found a bloodstained altar of Trog.
  1206 | D        | Found an iron altar of Okawaru.
  1206 | D        | Found a basalt altar of Yredelemnul.
  1206 | D        | Found a glowing golden altar of the Shining One.
  1206 | D        | Found a snail-covered altar of Cheibriados.
  1206 | D        | Found a sacrificial altar of Ru.
  1206 | D        | Found a glowing silver altar of Zin.
  1206 | D        | Found a shadowy altar of Dithmenos.
  1206 | D        | Found a white marble altar of Elyvilon.
  1206 | D        | Noticed a yak
  1207 | D        | Found an opulent altar of Gozag.
  1213 | D        | Killed a yak
  1213 | D        | Reached * piety under Makhleb
  1214 | D        | Found a sparkling altar of Nemelex Xobeh.
  1364 | D        | Noticed Sonja
  1386 | D        | HP: 2/57 [poisoned by Sonja (curare-tipped dart)]
  1386 | D        | Slain by Sonja

Illustrated notes

Levels and vault maps discovered:
D:        dungeon_sprint_1 [red_sonja_temple_1, red_sonja_temple_small_1]

Skill      XL: |  1  2  3  4  5  6  7 |
---------------+----------------------+-----
Fighting       | 4 6 7 9 |  9.5
Axes           | 3 5 7 8 9 |  9.3
Shields        | 4 6 7 8 9 |  9.5
Dodging        | |  3.0

Action                   |  1- 3 |  4- 6 |  7- 9 || total
-------------------------+-------+-------+-------++-------
Melee: War axe           |     6 |    14 |    14 ||    34
       Constrict         |     1 |     1 |       ||     2
       Tentacles         |     1 |     1 |     3 ||     5
  Use: Potion            |     1 |     1 |     2 ||     4
       Scroll            |       |     1 |       ||     1
 Stab: Sleeping          |       |       |     1 ||     1
Armor: Skin              |       |       |     1 ||     1
Dodge: Dodged            |     2 |     4 |     8 ||    14
Block: Kite shield       |     1 |     9 |    14 ||    24

Table legend: (Time is in decaauts)
 A = Elapsed time spent in this place.
 B = Non-inter-level travel time spent in this place.
 C = Inter-level travel time spent in this place.
 D = Time resting spent in this place.
 E = Time spent auto-exploring this place.
 F = Levels seen in this place.
 G = Mean time per level.
                   A        B        C        D        E       F      G
               +--------+--------+--------+--------+--------+-----+--------+
         Total |   1407 |   1407 |      0 |   1257 |      0 |   1 | 1407.0 |
       Dungeon |   1407 |   1407 |      0 |   1257 |      0 |   1 | 1407.0 |
               +--------+--------+--------+--------+--------+-----+--------+

Top non-repeatable levels by time:
       D: 1407 daAuts
